 Dungeon Crawl Stone Soup version 0.16-a0-3625-g2624681 (console) character file.

37 MrRokkomies the Insei (level 3, 0/24 HPs)
             Began as an Octopode Transmuter on Jan 14, 2015.
             Succumbed to an adder's poison
             ... on level 2 of the Dungeon.
             The game lasted 00:06:18 (1333 turns).

MrRokkomies the Insei (Octopode Transmuter)         Turns: 1333, Time: 00:06:19

Health: 0/24       AC:  1    Str:  9    XL:     3   Next: 41%
Magic:  6/6        EV: 12    Int: 15    God:
Gold:   19         SH:  0    Dex: 13    Spells: 1 memorised, 5 levels left

rFire  . . .     SeeInvis .       - Unarmed
rCold  . . .     Clarity  .     (no shield)
rNeg   + . .     SustAb   .     (helmet restricted)
rPois  .         Gourm    .     k - amulet of resist mutation
rElec  .         Spirit   .     o - ring of positive energy
rCorr  .         Warding  .     (no ring)
rMut   +         Stasis   .     (no ring)
MR     .....                    (no ring)
Stlth  +++.......               (no ring)
                                (no ring)
                                (no ring)
                                (no ring)

@: lethally poisoned, very slightly contaminated, hasted, invisible, very quick,
not resistant to hostile enchantments, fairly stealthy
A: almost no armour, amphibious, 8 rings, constrict 8, camouflage 1, gelatinous
body 1
a: no special abilities


You were on level 2 of the Dungeon.
You were not hungry.

You visited 1 branch of the dungeon, and saw 2 of its levels.

You collected 19 gold pieces.

Inventory:

Missiles
 b - 12 arrows
 i - 11 arrows of dispersal
Jewellery
 g - an uncursed ring of fire
 k - an amulet of resist mutation (around mantle)
 o - a ring of positive energy (left tentacle)
Scrolls
 e - a scroll of identify {unknown}
Potions
 f - a potion of lignification
Books
 d - a book of Changes

   Spells                             Type                      Level
   a - Beastly Appendage              Transmutation                1
   b - Sticks to Snakes               Transmutation                2
   c - Spider Form                    Transmutation/Poison         3
   d - Ice Form                       Ice/Transmutation            4
   e - Blade Hands                    Transmutation                5
Comestibles
 a - 4 bread rations
 l - a chunk of flesh


   Skills:
 * Level 2.2 Fighting
 - Level 2.0 Dodging
 + Level 1.7 Stealth
 * Level 3.5 Unarmed Combat
 - Level 2.0 Spellcasting
 - Level 2.0 Transmutations


You had 5 spell levels left.
You knew the following spells:

 Your Spells              Type           Power        Failure   Level  Hunger
a - Beastly Appendage     Trmt           #.....       12%         1    #......


Dungeon Overview and Level Annotations

Branches:
Dungeon (2/15)

Altars:


Innate Abilities, Weirdness & Mutations

You cannot wear most types of armour.
You are amphibious.
You can wear up to eight rings at the same time.
You can use your tentacles to constrict many enemies at once.
Your skin changes colour to match your surroundings (Stealth).
Your rubbery body absorbs attacks (AC +1).


Message History

You closely miss the adder. Your grab misses the adder. You squeeze the adder.
You kill the adder!
You feel sick.
There is a lethal amount of poison in your body!
You feel sick.
* * * LOW HITPOINT WARNING * * *
You feel sick.
* * * LOW HITPOINT WARNING * * *
You feel sick.
* * * LOW HITPOINT WARNING * * *
You feel sick.
* * * LOW HITPOINT WARNING * * *
You feel sick.
* * * LOW HITPOINT WARNING * * *
You feel sick.
* * * LOW HITPOINT WARNING * * *
You feel sick.
* * * LOW HITPOINT WARNING * * *
You feel sick.
You die...

#...#..##..(...#
.#
##..#...##.(..##
#..#.#.###..##
#.......#.<..#
...........#....##
....#.###........#
....#.# ##.......#
. #.# #....!..## #
#........#
#.#....#..#
#.#.@#.......
...%....$........
...............
.........(.....
......#....!...
..#######.... #
... ..


There were no monsters in sight!

Vanquished Creatures
  An adder (D:2)
  4 bats (D:1)
  7 jackals
  6 kobolds
  A ball python (D:1)
  A giant newt (D:1)
  4 goblins
  2 rats (D:1)
26 creatures vanquished.

Notes
Turn   | Place    | Note
--------------------------------------------------------------
     0 | D:1      | MrRokkomies, the Octopode Transmuter, began the quest for the Orb.
     0 | D:1      | Reached XP level 1. HP: 13/13 MP: 3/3
   454 | D:1      | Reached XP level 2. HP: 13/18 MP: 4/4
   586 | D:1      | Reached skill level 1 in Stealth
  1112 | D:2      | Reached XP level 3. HP: 5/24 MP: 3/6
  1331 | D:2      | HP: 1/24 [poisoned by an adder]
  1333 | D:2      | Succumbed to an adder's poison

Action                   || total
-------------------------++-------
Melee: Unarmed           ||    64
 Cast: Beastly Appendage ||     2
  Use: Scroll            ||     7
       Potion            ||     5
 Stab: Sleeping          ||     1
       Invisible         ||     1
  Eat: Chunk             ||     1
